 Dungeon Crawl Stone Soup version 0.25.0-41-g26779e291d (webtiles) character file.

Game seed: 11329637142283547395

53 H0rd4k the Magician (level 3, 0/19 HPs)
             Began as a Deep Elf Wizard on July 10, 2020.
             Slain by Natasha (7 damage)
             ... on level 3 of the Dungeon.
             The game lasted 00:01:47 (1486 turns).

H0rd4k the Magician (Deep Elf Wizard)               Turns: 1486, Time: 00:01:47

Health: 0/19       AC:  2    Str:  4    XL:     3   Next: 62%
Magic:  3/12       EV: 13    Int: 23    God:
Gold:   142        SH:  0    Dex: 13    Spells: 10/13 levels left

rFire    + . .     SeeInvis .   (no weapon)
rCold    x . .     Gourm    .   (no shield)
rNeg     + . .     Faith    .   a - +0 robe
rPois    .         Spirit   .   b - +0 hat
rElec    .         Reflect  .   (no cloak)
rCorr    .         Harm     .   (no gloves)
MR       .....                  (no boots)
Stlth    ++........             (no amulet)
HPRegen  0.06/turn              m - ring of fire
MPRegen  0.13/turn              g - ring of positive energy

@: no status effects
A: no striking features
a: no special abilities


You were on level 3 of the Dungeon.
You were not hungry.

You visited 1 branch of the dungeon, and saw 3 of its levels.

You collected 142 gold pieces.

Inventory:

Missiles
 k - 18 poisoned darts (quivered)
Armour
 a - a +0 robe (worn)
 b - a +0 hat (worn)
Jewellery
 g - a ring of positive energy (right hand)
 m - a ring of fire (left hand)
Scrolls
 c - a scroll of enchant armour {unknown}
 e - 2 scrolls of identify {unknown}
 j - 2 scrolls of teleportation {unknown}
 l - a scroll of amnesia {unknown}
 n - a scroll of immolation {unknown}
Potions
 h - a potion of flight {unknown}
 i - a potion of brilliance {unknown}
Comestibles
 d - 11 rations
 f - 2 chunks of flesh


   Skills:
 + Level 2.9 Dodging
 + Level 2.7 Stealth
 + Level 5.9 Spellcasting
 + Level 1.3 Conjurations
   Level 1.1 Summonings
 + Level 1.1 Translocations


You had 10 spell levels left.
You knew the following spells:

 Your Spells              Type           Power        Failure   Level  Hunger
a - Magic Dart            Conj           ##..         4%          1    None
b - Blink                 Tloc           N/A          9%          2    None

Your spell library contained the following spells:

 Spells                   Type           Power        Failure   Level  Hunger
 Call Imp                 Summ           ##......     9%          2    None
 Slow                     Hex            #.......     13%         2    None
 Conjure Flame            Conj/Fire      ##......     21%         3    #......
 Mephitic Cloud           Conj/Pois/Air  #.......     22%         3    #......


Dungeon Overview and Level Annotations

Branches:
Dungeon (3/15)

Altars:
Cheibriados
Nemelex Xobeh

Annotations:
D:3 Natasha


Message History

The magic dart hits Natasha but does no damage.
Natasha is almost dead.
Natasha misses you.
Casting: Magic Dart (safe; 4% risk of failure)
Confirm with . or Enter, or press ? or * to list all spells.
Aiming: Magic Dart (safe; 4% risk of failure)
Press: ? - help, Shift-Dir - straight line, f/p - Natasha
Aim: Natasha (almost dead)
The magic dart hits Natasha.
Natasha is almost dead.
Natasha misses you.
Casting: Magic Dart (safe; 4% risk of failure)
Confirm with . or Enter, or press ? or * to list all spells.
Aiming: Magic Dart (safe; 4% risk of failure)
Press: ? - help, Shift-Dir - straight line, f/p - Natasha
Aim: Natasha (almost dead)
The magic dart hits Natasha but does no damage.
Natasha is almost dead.
Natasha claws you!
You die...

#.......# #.......#
#.......# #####.......#
#...........# #
#.......?...# .
.......h....# #...
.......@....# #...
.....##.##### #.. ...
#.# #.. # #.# #.#
#######.#####
#.######.............#
#....................#
.)....##.............###
......##...............#


You could see Natasha.

Vanquished Creatures
  3 gnolls (D:3)
  An ooze (D:1)
  A dart slug (D:3)
  A giant cockroach (D:2)
  2 goblins (D:1)
  3 hobgoblins (D:2)
  2 quokkas
  A bat (D:2)
  4 kobolds
  A rat (D:1)
19 creatures vanquished.

Notes
Turn   | Place    | Note
-------+----------+-------------------------------------------
     0 | D:1      | H0rd4k the Deep Elf Wizard began the quest for the Orb.
     0 | D:1      | Reached XP level 1. HP: 10/10 MP: 7/7
   460 | D:1      | Reached XP level 2. HP: 15/15 MP: 4/9
   644 | D:2      | Reached skill level 5 in Spellcasting
   648 | D:2      | Learned a level 2 spell: Blink
   859 | D:2      | Found a snail-covered altar of Cheibriados.
   860 | D:2      | Found a sparkling altar of Nemelex Xobeh.
  1302 | D:3      | Reached XP level 3. HP: 19/19 MP: 3/12
  1476 | D:3      | Noticed Natasha
  1486 | D:3      | Slain by Natasha

Illustrated notes

Levels and vault maps discovered:
D:1:      dpeg_arrival_pits, layout_rooms, chequers_serial_rivers_micro_a
D:2:      layout_rooms, gammafunk_temple_overflow_statue
D:3:      layout_basic, grunt_dithmenos_smoke, uniq_natasha, uniq_ijyb

Skill      XL: |  1  2 |
---------------+-------+-----
Spellcasting   | 5 |  5.9
Dodging        | |  2.9
Stealth        | |  2.7
Conjurations   | |  1.3
Summonings     | |  1.1
Translocations | |  1.1

Action                   || total
-------------------------++-------
 Cast: Magic Dart        ||    70
  Eat: Chunk             ||     2
Armor: Robe              ||     4
Dodge: Dodged            ||    25
